 Dungeon Crawl Stone Soup version 0.28.0 (webtiles) character file.

Game seed: 5216553086460068140

214302 browni3141 the Severer (level 17, -2/255 HPs)
             Began as a Minotaur Berserker on Feb 16, 2022.
             Was a High Priest of Trog.
             Slain by the Royal Jelly (10 damage)
             ... on level 5 of the Pits of Slime.
             The game lasted 00:28:44 (27354 turns).

browni3141 the Severer (Minotaur Berserker)        Turns: 27354, Time: 00:28:45

Health: -2/255     AC: 20    Str: 31    XL:     17   Next: 84%
Magic:  0/16       EV:  7    Int:  4    God:    Trog [*****.]
Gold:   1360       SH: 14    Dex: 12    Spells: 16/16 levels left

rFire   + . .      SeeInvis .   y - +7 broad axe "Plojy" {venom, Fragile Will+ Str+3}
rCold   + + .      Faith    .   n - +1 kite shield {rC+}
rNeg    . . .      Spirit   +   X - +0 gold dragon scales
rPois   +          Reflect  .   F - +2 hat
rElec   .          Harm     .   M - +2 cloak
rCorr   +          Rampage  .   N - +1 pair of gloves {hurl}
Will    +++++                   B - +2 pair of boots
Stlth   ..........              V - amulet of guardian spirit
HPRegen 2.32/turn               S - +4 ring of slaying
MPRegen 0.15/turn               R - ring of resist corrosion

@: mighty, berserking (expiring), strong-willed, corroded, regenerating, hasted,
very quick
A: horns 2, retaliatory headbutt, strong-willed 1, regeneration 1, shaggy fur 1,
subdued magic 1, MP-powered wands
}: 2/15 runes: serpentine, barnacled
a: Renounce Religion, Berserk, Trog's Hand, Brothers in Arms


You were on level 5 of the Pits of Slime.
You worshipped Trog.
Trog was extremely pleased with you.
You visited 6 branches of the dungeon, and saw 35 of its levels.
You visited 1 bazaar.
You also visited: Sewer, Ice Cave and Volcano.

You collected 2026 gold pieces.
You spent 666 gold pieces at shops.

Inventory:

Hand Weapons
 y - the +7 broad axe "Plojy" (weapon) {venom, Fragile Will+ Str+3}
   (You acquired it on level 1 of the Snake Pit)

   It poisons the flesh of those it strikes.
   Str:       It affects your strength (+3).
   Fragile:   It will be destroyed if unequipped.
   Will:      It increases your willpower.
Missiles
 J - 5 throwing nets (quivered)
Armour
 n - a +1 kite shield of cold resistance (worn)
 B - a +2 pair of boots (worn)
 D - the +2 buckler of the Cricket {rPois rF+ rCorr}
   (You found it on level 6 of the Dungeon)

   rF:        It protects you from fire.
   rPois:     It protects you from poison.
   rCorr:     It protects you from acid and corrosion.
 F - a +2 hat (worn)
 M - a +2 cloak (worn)
 N - a +1 pair of gloves of hurling (worn)
 O - a +0 tower shield
 X - +0 gold dragon scales (worn)
Jewellery
 b - a ring of protection from cold
 h - a ring of see invisible
 I - a +6 ring of intelligence
 Q - a ring of flight
 R - a ring of resist corrosion (right hand)
 S - a +4 ring of slaying (left hand)
 V - an amulet of guardian spirit (around neck)
Wands
 u - a wand of flame (48)
 A - a wand of mindburst (39)
 G - a wand of charming (18)
 U - a wand of paralysis (5)
 W - a wand of acid (7)
 Z - a wand of iceblast (21)
Scrolls
 a - a scroll of vulnerability
 e - 9 scrolls of teleportation
 f - 2 scrolls of summoning
 m - 6 scrolls of blinking
 o - 7 scrolls of magic mapping
 p - 4 scrolls of enchant weapon
 q - a scroll of identify
 s - 3 scrolls of noise
 t - 4 scrolls of fear
 H - 3 scrolls of amnesia
 L - 2 scrolls of silence
 T - 4 scrolls of fog
 Y - 2 scrolls of holy word
Potions
 c - 9 potions of brilliance
 d - 3 potions of attraction
 g - 5 potions of mutation
 i - 7 potions of curing
 j - 6 potions of cancellation
 k - 3 potions of resistance
 l - 4 potions of degeneration
 r - 6 potions of berserk rage
 v - 3 potions of lignification
 w - 4 potions of heal wounds
 x - 6 potions of haste
 z - 2 potions of magic
 C - 3 potions of ambrosia
 E - 3 potions of might
 K - 3 potions of flight
 P - 2 potions of invisibility


   Skills:
 + Level 20.2 Fighting
 + Level 20.2 Axes
 + Level 20.1 Armour
 - Level 2.1 Dodging
 + Level 16.1 Shields
 - Level 7.0 Evocations


You had 16 spell levels left.
You didn't know any spells.
Your spell library was empty.

Dungeon Overview and Level Annotations

Branches:
Dungeon (15/15)            Temple (0/1) D:7            Lair (6/6) D:9
 Shoals (4/4) Lair:4        Snake (4/4) Lair:3        Slime (5/5) Lair:5
    Orc (1/2) D:12         Vaults (0/5) D:13         Depths (0/4) D:15
  Sewer (visited)           IceCv (visited)         Volcano (visited)

Altars:
Dithmenos
Elyvilon
Kikubaaqudgha
Okawaru
Trog
Yredelemnul
Zin
Jiyva

Shops:
D:13 *   Snake:1 :(?   Snake:3 *

Annotations:
Lair:6 3 runed translucent doors, bande's ghost, journeyman GrFi
Snake:2 1 runed translucent door, wjtupper's ghost, adept MiHu
Snake:3 1 runed translucent door
Slime:5 Royal Jelly


Innate Abilities, Weirdness & Mutations

You have a pair of horns on your head.
You reflexively headbutt those who attack you in melee.
You are strong-willed. (Will+)
Your natural rate of healing is unusually fast.
You are covered in fur. (AC +1)
Your spells are a little easier to cast, but a little less powerful.
You expend magic power (3 MP) to strengthen your wands.


Message History

Unknown command.
You hit the Royal Jelly.
Your hands burn!
* * * LOW HITPOINT WARNING * * *
The Royal Jelly is heavily wounded.
You hit the rockslime but do no damage. You slice the acid blob!!
Your hands burn!
* * * LOW HITPOINT WARNING * * *
You slice the acid blob!!
Your hands burn!
* * * LOW HITPOINT WARNING * * *
The rockslime hits you!!
* * * LOW HITPOINT WARNING * * *
You hold your ground!
The acid blob hits you!
* * * LOW HITPOINT WARNING * * *
The acid corrodes you!
You are splashed with acid.
You resist.
* * * LOW HITPOINT WARNING * * *
You block the Royal Jelly's attack.
The Royal Jelly hits you but does no damage.
You block the acid blob's attack.
Unknown command.
You hit the Royal Jelly but do no damage.
Your hands burn!
* * * LOW HITPOINT WARNING * * *
The Royal Jelly is heavily wounded.
You hit the rockslime. You slice the acid blob!!
The acid blob looks as sick as possible!
Your hands burn!
* * * LOW HITPOINT WARNING * * *
You hit the acid blob.
Your hands burn!
* * * LOW HITPOINT WARNING * * *
The rockslime hits you but does no damage.
Unknown command.
You slice the Royal Jelly!!
Your hands burn!
* * * LOW HITPOINT WARNING * * *
The Royal Jelly is heavily wounded.
You slash the acid blob! The acid corrodes you!
Your hands burn!
You hit the acid blob.
Your hands burn!
* * * LOW HITPOINT WARNING * * *
You slash the rockslime! You block the Royal Jelly's attack.
The Royal Jelly hits you!
You die...

....... #...#.._.#...#
....... .J#........#G
......# ######J.####
......## #:(#}##J#|#
.......# )[##JJ##
......## )#J##
.......### #JJ#
.........## ##@#
..........## #JJ#
...........####J##
................###.
......................
......................
......................
......................
......................


You could see the Royal Jelly (extremely poisoned), 4 acid blobs, an azure
jelly, a large slime creature, a slime creature, 2 rockslimes, a quicksilver
ooze and a golden eye.

Vanquished Creatures
  Dissolution (Slime:3)
  6 acid blobs
  Frances (D:14)
  Gastronok (D:8)
  8 nagarajas
  3 azure jellies
  Aizul (Snake:4)
  A rockslime (Slime:5)
  A caustic shrike zombie (D:15)
  A merfolk impaler (Shoals:4)
  8 vault guards (D:13)
  12 naga warriors
  2 great orbs of eyes
  5 boulder beetles
  Harold (D:10)
  12 hydras
  A salamander tyrant (Snake:3)
  5 anacondas
  2 merfolk aquamancers
  Erica (D:10)
  2 merfolk avatars
  9 centaur warriors
  A tengu warrior (D:15)
  A two-headed ogre (D:9)
  An alligator snapping turtle (Shoals:4)
  9 death yaks
  15 naga sharpshooters
  4 shock serpents
  4 salamander mystics
  7 skeletal warriors
  9 sea snakes
  Pikel (D:5)
  4 naga ritualists
  A wizard (D:15)
  A phantasmal warrior (D:15)
  A necromancer (D:15)
  3 deep elf pyromancers
  3 shining eyes
  A fire giant zombie (D:15)
  7 harpies
  3 mana vipers
  An oklob plant (Lair:1)
  7 fauns
  26 ugly things
  3 cyclopes
  Maurice (D:13)
  8 salamanders
  7 elephants
  3 merfolk sirens
  7 manticores
  5 water nymphs
  A frost giant skeleton (D:15)
  An eye of devastation (Slime:3)
  10 naga magi
  A molten gargoyle (Volcano)
  15 cane toads
  5 guardian serpents
  A gargoyle (D:12)
  22 black mambas
  Joseph (D:7)
  3 efreet
  12 komodo dragons
  2 torpor snails (Lair:3)
  8 rime drakes
  2 tengu conjurers (D:14)
  An unseen horror (D:10)
  3 trolls
  6 polar bears
  2 hornets (Lair:6)
  3 meliai (D:14)
  9 merfolk
  5 wind drakes
  23 blink frogs
  6 snapping turtles
  31 slime creatures
  A dream sheep (Lair:4)
  A spriggan zombie (D:15)
  A centaur simulacrum (D:15)
  Sigmund (D:2)
  2 air elementals (Shoals:4)
  52 yaks
  3 vampires
  7 water elementals
  8 wyverns
  3 fire elementals (Volcano)
  A shadow (D:12)
  6 basilisks
  Grum (D:8)
  A golden eye (Slime:5)
  3 steam dragons (Lair:6)
  7 vampire mosquitoes
  2 acid dragons (D:12)
  29 nagas
  20 water moccasins
  A sky beast (D:6)
  2 ice beasts (D:5)
  3 orc warriors
  A hornet zombie (D:5)
  20 wolves
  12 centaurs
  2 lemures (D:5)
  A phantom (D:4)
  2 kobold brigands
  Blork the orc (D:4)
  14 bullfrogs
  2 scorpions (D:4)
  A wyvern skeleton (D:6)
  5 killer bees (D:11)
  4 wights (D:9)
  2 howler monkeys (D:6)
  An electric eel (Lair:2)
  3 bullfrog zombies
  2 centaur zombies
  3 jellies
  A gnoll shaman (D:10)
  2 hounds
  11 orc priests
  Crazy Yiuf (D:4)
  A bullfrog skeleton (D:7)
  Jessica (D:3)
  3 iguanas
  11 orc wizards
  10 hell rats
  A hound skeleton (D:4)
  A howler monkey zombie (D:6)
  4 gnolls (D:10)
  2 howler monkey skeletons
  6 river rats
  13 adders
  3 shadow imps
  An ufetubus (D:5)
  3 worms
  2 dart slugs
  53 orcs
  10 endoplasms
  4 giant cockroaches
  8 goblins
  7 hobgoblins
  10 jackals
  17 kobolds
  A quokka (D:4)
  20 ball pythons
  10 bats
  7 frilled lizards
  30 rats
886 creatures vanquished.

Vanquished Creatures (others)
  A rime drake (Lair:6)
  22 fungi
  70 plants
  4 toadstools (D:8)
  9 withered plants (D:15)
106 creatures vanquished.

Grand Total: 992 creatures vanquished

Notes
Turn   | Place    | Note
-------+----------+-------------------------------------------
     0 | D:1      | browni3141 the Minotaur Berserker began the quest for the
                  | Orb.
     0 | D:1      | Reached XP level 1. HP: 19/19 MP: 0/0
     1 | D:1      | Found an ancient bone altar of Kikubaaqudgha.
    50 | D:1      | Reached XP level 2. HP: 25/27 MP: 1/1
   230 | D:1      | Found a faded altar of an unknown god.
   454 | D:1      | Reached ** piety under Trog
   505 | D:1      | Reached XP level 3. HP: 23/33 MP: 2/2
  1324 | D:2      | Noticed Sigmund
  1332 | D:2      | Killed Sigmund
  1333 | D:2      | Reached skill level 5 in Fighting
  1333 | D:2      | Reached skill level 5 in Axes
  1333 | D:2      | Reached XP level 4. HP: 32/42 MP: 3/3
  1333 | D:2      | Reached XP level 5. HP: 37/48 MP: 4/4
  2372 | D:3      | Noticed Jessica
  2374 | D:3      | Killed Jessica
  2375 | D:3      | Reached XP level 6. HP: 56/56 MP: 5/5
  3209 | D:4      | Noticed Blork the orc
  3215 | D:4      | Killed Blork the orc
  3216 | D:4      | Reached skill level 5 in Armour
  3219 | D:4      | Reached *** piety under Trog
  3305 | D:4      | Reached XP level 7. HP: 57/64 MP: 6/6
  3662 | D:4      | Found a glowing drain.
  3670 | Sewer    | Entered a sewer
  3802 | Sewer    | Reached **** piety under Trog
  4452 | D:4      | Found a runed translucent door.
  4453 | D:4      | Noticed Crazy Yiuf
  4458 | D:4      | Killed Crazy Yiuf
  4525 | D:5      | Entered Level 5 of the Dungeon
  4534 | D:5      | Reached XP level 8. HP: 63/73 MP: 7/7
  5084 | D:5      | Noticed Pikel
  5098 | D:5      | Killed Pikel
  5107 | D:5      | Reached XP level 9. HP: 46/82 MP: 8/8
  6325 | D:6      | Reached ***** piety under Trog
  6655 | D:6      | Identified the +2 buckler of the Cricket {rPois rF+ rCorr}
  7197 | D:7      | Found a bloodstained altar of Trog.
  7213 | D:7      | Found a staircase to the Ecumenical Temple.
  7260 | D:7      | Noticed Joseph
  7268 | D:7      | Killed Joseph
  7269 | D:7      | Reached skill level 10 in Fighting
  7269 | D:7      | Reached skill level 10 in Axes
  7575 | D:7      | Received a gift from Trog
  8035 | D:8      | Reached skill level 10 in Armour
  8298 | D:8      | Reached XP level 10. HP: 68/94 MP: 9/9
  8456 | D:8      | Noticed Gastronok
  8469 | D:8      | Killed Gastronok
  8790 | D:8      | Noticed Grum
  8807 | D:8      | Killed Grum
  9121 | D:8      | Noticed a centaur warrior
  9130 | D:8      | Killed a centaur warrior
 10136 | D:9      | Noticed a two-headed ogre
 10142 | D:9      | Killed a two-headed ogre
 10385 | D:9      | Reached XP level 11. HP: 100/104 MP: 10/10
 10545 | D:9      | Found a staircase to the Lair.
 10703 | D:10     | Entered Level 10 of the Dungeon
 10972 | D:10     | Noticed Erica
 10978 | D:10     | Killed Erica
 11263 | D:10     | Noticed Harold
 11273 | D:10     | Killed Harold
 12073 | Lair:1   | Entered Level 1 of the Lair of Beasts
 12274 | Lair:1   | Found a dark tunnel.
 12281 | Volcano  | Entered a volcano
 12789 | Lair:1   | Reached skill level 1 in Shields
 12971 | Lair:1   | Gained mutation: You are covered in fur. (AC +1) [potion of
                  | mutation]
 12971 | Lair:1   | Gained mutation: You are strong-willed. (Will+) [potion of
                  | mutation]
 12971 | Lair:1   | Gained mutation: Your natural rate of healing is unusually
                  | fast. [potion of mutation]
 13144 | Lair:1   | Noticed an eight-headed hydra
 13154 | Lair:1   | Killed a 12-headed hydra
 13434 | Lair:1   | Noticed an oklob plant
 13553 | Lair:1   | Killed an oklob plant
 13624 | Lair:2   | Noticed a death yak
 13624 | Lair:2   | Noticed a death yak
 13624 | Lair:2   | Noticed a death yak
 13624 | Lair:2   | Noticed a death yak
 13635 | Lair:2   | Killed a death yak
 13636 | Lair:2   | Killed a death yak
 13637 | Lair:2   | Reached XP level 12. HP: 116/116 MP: 11/11
 13640 | Lair:2   | Killed a death yak
 13641 | Lair:2   | Killed a death yak
 13646 | Lair:2   | Reached skill level 5 in Shields
 14445 | Lair:3   | Noticed a six-headed hydra
 14456 | Lair:3   | Killed a 13-headed hydra
 14519 | Lair:3   | Noticed a death yak
 14519 | Lair:3   | Noticed a death yak
 14525 | Lair:3   | Killed a death yak
 14529 | Lair:3   | Killed a death yak
 14828 | Lair:3   | Identified the +6 hand axe "Sosel" {flame, rCorr Int+5
                  | Dex-5 Stlth+}
 15128 | Lair:3   | Found a staircase to the Snake Pit.
 15430 | Lair:4   | Noticed a four-headed hydra
 15432 | Lair:4   | Noticed a boulder beetle
 15441 | Lair:4   | Killed a one-headed hydra
 15451 | Lair:4   | Killed a boulder beetle
 15459 | Lair:4   | Reached skill level 15 in Axes
 15463 | Lair:4   | Reached XP level 13. HP: 72/125 MP: 12/12
 15480 | Lair:4   | Reached skill level 15 in Fighting
 15655 | Lair:4   | Reached skill level 15 in Armour
 16159 | Lair:4   | Found a staircase to the Shoals.
 16609 | Lair:5   | Identified the +8 hand axe "Coshruk" {venom, rElec rN+
                  | MP-9}
 16645 | Lair:5   | Received a gift from Trog
 16831 | Lair:5   | Found a viscous altar of Jiyva.
 16831 | Lair:5   | Found a staircase to the Slime Pits.
 17001 | Lair:5   | Identified the +1 chain mail of Elurhor {Dex+2}
 17130 | Lair:6   | Entered Level 6 of the Lair of Beasts
 17170 | Lair:6   | Reached skill level 10 in Shields
 17328 | Lair:6   | Reached skill level 1 in Evocations
 17328 | Lair:6   | Reached XP level 14. HP: 137/137 MP: 13/13
 17461 | Lair:6   | Found a glowing silver altar of Zin.
 17539 | Lair:6   | Found a runed translucent gate.
 17541 | Lair:6   | Found a runed translucent gate.
 17542 | Lair:6   | Found a runed translucent gate.
 17550 | Lair:6   | Noticed bande's ghost (journeyman GrFi)
 17665 | Lair:6   | Received a gift from Trog
 19418 | D:12     | Found a staircase to the Orcish Mines.
 19812 | D:12     | Reached skill level 5 in Evocations
 19882 | Orc:1    | Entered Level 1 of the Orcish Mines
 19957 | D:13     | Found a gate to the Vaults.
 20112 | D:13     | Noticed Maurice
 20120 | D:13     | Killed Maurice
 20492 | D:13     | Received a gift from Trog
 20504 | D:13     | Reached XP level 15. HP: 147/147 MP: 14/14
 20640 | D:13     | Found Zousus Ohiu's General Store.
 20643 | D:13     | Bought a potion of heal wounds for 70 gold pieces
 20643 | D:13     | Bought a scroll of fear for 49 gold pieces
 20643 | D:13     | Bought a potion of resistance for 140 gold pieces
 21007 | D:14     | Found a frozen archway.
 21018 | IceCv    | Entered an ice cave
 21102 | D:14     | Found an iron altar of Okawaru.
 21447 | D:14     | Noticed Frances
 21469 | D:14     | Killed Frances
 21471 | D:14     | Found a white marble altar of Elyvilon.
 21842 | D:15     | Entered Level 15 of the Dungeon
 22074 | D:15     | Found a staircase to the Depths.
 22452 | D:15     | Found a shadowy altar of Dithmenos.
 23190 | Snake:1  | Entered Level 1 of the Snake Pit
 23190 | Snake:1  | Found a basalt altar of Yredelemnul.
 23196 | Snake:1  | Identified a scroll of acquirement
 23202 | Snake:1  | Acquired the +7 broad axe "Plojy" {venom, Fragile Will+
                  | Str+3}
 23210 | Snake:1  | Found Juxt's Book Boutique.
 23238 | Snake:1  | Found Sofyecown's Weapon Shop.
 23240 | Snake:1  | Found Zuofugys's Magic Scroll Boutique.
 23270 | Snake:1  | Bought a scroll of blinking for 142 gold pieces
 23270 | Snake:1  | Bought a scroll of teleportation for 57 gold pieces
 23270 | Snake:1  | Bought a scroll of blinking for 142 gold pieces
 23270 | Snake:1  | Bought a scroll of magic mapping for 66 gold pieces
 23289 | Snake:1  | Found a flickering gateway to a bazaar.
 23299 | Bazaar   | Entered a bazaar
 23312 | Bazaar   | Found Ummompep's Jewellery Shop.
 23325 | Bazaar   | Found Quikiene's Antique Armour Shop.
 23441 | Snake:1  | Received a gift from Trog
 23460 | Snake:1  | Reached XP level 16. HP: 157/157 MP: 13/15
 23491 | Snake:2  | Found a runed translucent gate.
 24161 | Snake:4  | Entered Level 4 of the Snake Pit
 24241 | Snake:4  | Noticed Aizul
 24252 | Snake:4  | Killed Aizul
 24330 | Snake:4  | Received a gift from Trog
 24662 | Snake:4  | Got a serpentine rune of Zot
 24803 | Snake:2  | You are sucked into a shaft and drop 1 floor!
 24811 | Snake:3  | Found Tavokid's General Store.
 24851 | Snake:1  | Received a gift from Trog
 24958 | Shoals:1 | Entered Level 1 of the Shoals
 25112 | Shoals:1 | Reached XP level 17. HP: 118/168 MP: 13/16
 25272 | Shoals:3 | Reached skill level 15 in Shields
 25312 | Shoals:4 | Entered Level 4 of the Shoals
 25385 | Shoals:4 | Paralysed by an air elemental for 1 turns
 25448 | Shoals:4 | Identified the +10 short sword of the Chopping Viper
                  | {drain, SInv}
 25472 | Shoals:4 | Got a barnacled rune of Zot
 26125 | Snake:2  | Noticed wjtupper's ghost (adept MiHu)
 26125 | Snake:2  | Noticed wjtupper's ghost (adept MiHu)
 26255 | Snake:3  | Found a runed translucent door.
 26424 | Snake:4  | Reached ****** piety under Trog
 26424 | Snake:4  | Received a gift from Trog
 26749 | Slime:1  | Entered Level 1 of the Pits of Slime
 26773 | Slime:2  | Noticed an acid blob
 26779 | Slime:2  | Noticed an acid blob
 26783 | Slime:2  | Killed an acid blob
 26838 | Slime:2  | Killed an acid blob
 26875 | Slime:3  | Noticed Dissolution
 26884 | Slime:3  | Killed Dissolution
 26888 | Slime:3  | Noticed an acid blob
 26900 | Slime:3  | Killed an acid blob
 26903 | Slime:3  | Gained mutation: Your spells are a little easier to cast,
                  | but a little less powerful. [a shining eye]
 26904 | Slime:3  | Gained mutation: You expend magic power (3 MP) to
                  | strengthen your wands. [a shining eye]
 27249 | Slime:4  | Noticed an acid blob
 27261 | Slime:4  | Killed an acid blob
 27269 | Slime:5  | Entered Level 5 of the Pits of Slime
 27269 | Slime:5  | Noticed an acid blob
 27280 | Slime:5  | Noticed an acid blob
 27281 | Slime:5  | Killed an acid blob
 27281 | Slime:5  | Received a gift from Trog
 27288 | Slime:5  | Killed an acid blob
 27329 | Slime:5  | Found a viscous altar of Jiyva.
 27329 | Slime:5  | Noticed the Royal Jelly
 27349 | Slime:5  | Noticed an acid blob
 27350 | Slime:5  | Noticed an acid blob
 27351 | Slime:5  | Noticed an acid blob
 27351 | Slime:5  | Noticed an acid blob
 27352 | Slime:5  | HP: 12/255 [acid[the Royal Jelly] (5)]
 27354 | Slime:5  | Slain by the Royal Jelly

Illustrated notes

Levels and vault maps discovered:
D:1:      sevenhm_arrival_forest_fort_small_6, layout_basic,
          basic_ecumenical_altar
D:2:      layout_basic, kennysheep_generic_room_7, uniq_sigmund
D:3:      layout_basic, uniq_jessica
D:4:      layout_cave_pools, portal_sewer_entry_e, uniq_crazy_yiuf_cottage,
          uniq_blork_the_orc
D:5:      layout_cave_pools, uniq_pikel
D:6:      layout_loops_ring
D:7:      corexii_shack_village, layout_basic,
          mainiacjoe_overflow_concentric_impassable, minmay_temple_entry_mist,
          uniq_joseph
D:8:      layout_basic, minmay_gold_behind_fungi, uniq_gastronok, uniq_grum
D:9:      layout_roguey, lair_entry_dummy, nicolae_benzene_ring, st_stairs_14,
          nicolae_two_hexagons, nzn_life_drinkers
D:10:     layout_stronghold, uniq_erica, uniq_harold
D:11:     layout_stronghold
D:12:     layout_roguey, orc_0_dummy, fountainhead
D:13:     layout_roguey, erik_vaults_2, serial_shops, kennysheep_mini_moat,
          uniq_maurice
D:14:     layout_stronghold, portal_ice_cave_entry_pillars_2, elyvilon_altar_5,
          kennysheep_okawaru_gauntlet, uniq_frances
D:15:     gammafunk_depths_entry_grave, layout_loops_ring,
          grunt_dithmenos_smoke_and_mirrors
Lair:1:   layout_cave_pods, enter_volcano_1, minmay_lair_oklob_items
Lair:2:   layout_regular_city, grunt_megastairs_4, lemuel_fruit_tree,
          wad_woods_river_01, infiniplex_staircase_pool_2
Lair:3:   layout_long_grid, guppyfry_snake_entry_garden,
          grunt_forest_small_clearing_treed, grunt_megastairs_3
Lair:4:   layout_cave_shapes, minmay_shoals_entry_hut,
          hangedman_lair_generics_rect
Lair:5:   layout_long_grid, dpeg_slime_entry_enclosed_altar,
          cheibrodos_lair_caveside_slide, beast_lair_carwin_2
Lair:6:   gammafunk_lair_ancient_temple, layout_regular_city, basic_altar,
          gammafunk_ghost_necromancy
Shoals:1: layout_shoals, lemuel_centaur_altar
Shoals:2: layout_shoals, uniq_ilsuiw
Shoals:3: nzn_motion_control, layout_shoals, ebering_ghost_inner_flame
Shoals:4: shoals_end_hellmonk_storm_palace [storm_palace_center_square,
          storm_palace_corner_pillars, storm_palace_corner_narrow,
          storm_palace_corner_blocked, storm_palace_corner_pillars]
Snake:1:  layout_basic, basic_altar, serial_shops, bzr_entry_water, st_stairs_4,
          minmay_shop_star
Snake:2:  layout_onion, gammafunk_ghost_cemetery, basic_altar,
          grunt_ministairs_8
Snake:3:  layout_layer_cave, serial_shops,
          nicolae_shop_competitors_out_of_business, lightli_airlock
Snake:4:  minmay_snake_end_coiled, layout_onion,
          nicolae_snake_serpentine_hallways, uniq_aizul, uniq_kirke
Slime:1:  layout_caves, cheibrodos_slime_lost_civilization_7
Slime:2:  layout_caves, cheibrodos_slime_lost_civilization_6
Slime:3:  layout_caves, dissolution_awaits
Slime:4:  nicolae_slime_jelly_donut, layout_caves
Slime:5
Orc:1:    layout_diamond_mine, basic_altar, serial_shops, shop,
          nicolae_orc_crystal_geode

Skill      XL: |  1  2  3  4  5  6  7  8  9 10 11 12 13 14 15 16 17 |
---------------+----------------------------------------------------+-----
Axes           | 4 5 6 7 8 10 12 13 15 16 17 18 19 20 | 20.2
Fighting       | 4 5 6 7 8 10 12 13 14 16 17 18 19 20 | 20.2
Armour         | 3 4 5 6 8 10 11 13 14 16 17 19 20 | 20.1
Shields        | 4 7 10 11 13 14 16 | 16.1
Evocations     | 1 6 7 |  7.0
Dodging        | |  2.1

Action                   |  1- 3 |  4- 6 |  7- 9 | 10-12 | 13-15 | 16-18 || total
-------------------------+-------+-------+-------+-------+-------+-------++-------
Melee: Hand axe          |    81 |    78 |       |    14 |    47 |       ||   220
       Headbutt          |    15 |    13 |    49 |    88 |   243 |   163 ||   571
       Punch             |       |     3 |       |       |       |       ||     3
       Battleaxe         |       |     9 |   252 |       |       |       ||   261
       War axe           |       |       |    72 |   389 |   804 |       ||  1265
       Broad axe         |       |       |       |       |    51 |   621 ||   672
Invok: Berserk           |     1 |     2 |     5 |    15 |    18 |    13 ||    54
       Trog's Hand       |     1 |       |     3 |     4 |     3 |     3 ||    14
  Use: Scroll            |       |       |       |    24 |    12 |     7 ||    43
       Potion            |       |       |       |     1 |       |     5 ||     6
 Stab: Distracted        |       |       |       |       |     1 |       ||     1
Armor: Animal skin       |    17 |       |       |       |       |       ||    17
       Leather armour    |     8 |    14 |       |       |       |       ||    22
       Scale mail        |       |    10 |   187 |    12 |       |       ||   209
       Plate armour      |       |       |       |   261 |   615 |   288 ||  1164
       Gold dragon scale |       |       |       |       |       |    93 ||    93
Dodge: Dodged            |    52 |    48 |   219 |   135 |   255 |   174 ||   883
Block: Buckler           |       |       |    12 |   119 |   346 |   204 ||   681
       Kite shield       |       |       |       |       |       |    83 ||    83
